 Dungeon Crawl Stone Soup version 0.19-a0-277-g85cb9a5 (webtiles) character file.

245784 Lugonue the Eclecticist (level 19, -13/129 HPs)
             Began as a High Elf Fire Elementalist on May 25, 2016.
             Was the Champion of Vehumet.
             Collided with a rock wall (18 damage)
             ... caused by a naga ritualist
             ... on level 4 of the Snake Pit on May 26, 2016.
             The game lasted 05:28:03 (36942 turns).

Lugonue the Eclecticist (HEFE)                     Turns: 36942, Time: 05:28:04

Health: -13/129    AC: 19    Str: 12    XL:     19   Next: 18%
Magic:  15/51      EV: 20    Int: 24    God:    Vehumet [******]
Gold:   3122       SH:  6    Dex: 17    Spells: 13 memorised, 2 levels left

rFire  + . .     SeeInvis .     a - +7 long sword "Ublacragh" {slice, rC+ rN+ MP+9}
rCold  + . .     Gourm    .     E - +0 swamp dragon armour
rNeg   + . .     Faith    .     B - +0 buckler
rPois  +         Spirit   .     Q - +2 helmet
rElec  +         Dismiss  .     w - +2 cloak
rCorr  .         Reflect  .     n - +2 pair of gloves
SustAt .         Harm     .     (no boots)
MR     +++..                    c - amulet "Zaacvaer" {RegenMP rC+}
Stlth  +++.......               F - ring of the Mage {Wiz MR++ Int+3}
                                g - ring "Qaagecap" {Fire rElec Slay+3}

@: delayed fireball, studying Transmutations, extremely resistant to hostile
enchantments, fairly stealthy
A: dopey 1
a: Renounce Religion, Release Delayed Fireball
}: 1/15 runes: decaying


You were on level 4 of the Snake Pit.
You worshipped Vehumet.
Vehumet was exalted by your worship.
You were hungry.

You visited 6 branches of the dungeon, and saw 35 of its levels.
You also visited: Bailey and Ice Cave.

You collected 3975 gold pieces.
You spent 853 gold pieces at shops.

Inventory:

Hand Weapons
 a - the +7 long sword "Ublacragh" (weapon) {slice, rC+ rN+ MP+9}
   (You found it on level 2 of the Elven Halls)

   It inflicts extra damage upon your enemies.
   It protects you from cold.
   It protects you from negative energy.
   It affects your magic capacity (+9).
 G - a +0 long sword of flaming
 M - the +9 scimitar of the Blessed Realm {pain, Dex+3}
   (You found it on level 1 of the Lair of Beasts)

   In the hands of one skilled in necromantic magic, it inflicts extra damage on
   living creatures.
   It affects your dexterity (+3).
 T - a +5 longbow of freezing
Missiles
 i - 628 arrows
Armour
 n - a +2 pair of gloves (worn)
 w - a +2 cloak (worn)
 y - the +3 leather armour "Wywel" {Regen+ Dex+6}
   (You found it on level 5 of the Dungeon)

   It affects your dexterity (+6).
   It increases your rate of regeneration.
 B - a +0 buckler (worn)
 E - a +0 swamp dragon armour (worn)
 Q - a +2 helmet (worn)
 W - the -3 pair of gloves "Reriog" {MR+ Regen+ rCorr}
   (You found it on level 5 of the Lair of Beasts)

   It affects your resistance to hostile enchantments.
   It increases your rate of regeneration.
   It protects you from acid and corrosion.
Magical Staves
 b - an uncursed staff of fire
Jewellery
 c - the amulet "Zaacvaer" (around neck) {RegenMP rC+}
   (You bought it in a shop on level 9 of the Dungeon)

   [amulet of magic regeneration]

   It increases your magic regeneration.
   It protects you from cold.
 g - the ring "Qaagecap" (left hand) {Fire rElec Slay+3}
   (You took it off a deep elf sorcerer on level 3 of the Elven Halls)

   [ring of fire]

   It enhances your fire magic, and weakens your ice magic.
   It affects your accuracy and damage with ranged weapons and melee attacks
   (+3).
   It protects you from fire.
   It makes you vulnerable to cold.
   It insulates you from electricity.
 l - an uncursed ring of sustain attributes {unknown}
 D - an uncursed ring of magical power
 F - the ring of the Mage (right hand) {Wiz MR++ Int+3}
   (You found it on level 9 of the Dungeon)

   [ring of wizardry]

   It improves your spell success rate.
   It affects your intelligence (+3).
   It affects your resistance to hostile enchantments.
 L - an uncursed ring of poison resistance
Wands
 H - a wand of digging (13/24)
 K - a wand of disintegration (11/24)
 N - a wand of heal wounds (2/9)
 V - a wand of digging (12/24)
Scrolls
 j - 9 scrolls of identify
 q - 16 scrolls of remove curse
 t - 2 scrolls of enchant weapon
 x - 5 scrolls of teleportation
 z - a scroll of recharging
 P - a scroll of fog
 S - 2 scrolls of magic mapping
Potions
 e - 3 potions of curing
 h - 3 potions of agility
 m - 2 potions of cancellation
 p - a potion of cure mutation
 r - 10 potions of flight
 s - 3 potions of resistance
 u - 3 potions of invisibility
 v - 2 potions of ambrosia
 A - 2 potions of might
 J - 2 potions of haste
 R - a potion of brilliance
Books
 C - a manual of Transmutations
 U - a book of Transfigurations

   Spells                             Type                      Level
   a - Irradiate                      Conjuration/Transmutation    5
   b - Statue Form                    Transmutation/Earth          6
   c - Hydra Form                     Transmutation                6
   d - Dragon Form                    Transmutation                7
Miscellaneous
 f - a lamp of fire
Comestibles
 d - 12 meat rations
 o - 4 bread rations


   Skills:
 - Level 11.6 Fighting
 - Level 14.2 Long Blades
 + Level 7.7 Armour
 - Level 14.6 Dodging
 - Level 8.0 Stealth
 - Level 5.2 Shields
 - Level 18.1 Spellcasting
 - Level 14.7 Conjurations
 - Level 1.4 Hexes
 - Level 0.4 Translocations
 - Level 13.8 Fire Magic
 - Level 2.7 Ice Magic
 - Level 0.8 Earth Magic
 - Level 0.5 Poison Magic
 + Level 0.2 Evocations


You had 2 spell levels left.
You knew the following spells:

 Your Spells              Type           Power        Failure   Level  Hunger
a - Flame Tongue          Conj/Fire      #####        0%          1    None
b - Throw Flame           Conj/Fire      ######       1%          2    None
c - Sticky Flame          Conj/Fire      #######.     1%          4    None
d - Conjure Flame         Conj/Fire      #######.     1%          3    None
e - Freeze                Ice            ####         1%          1    None
f - Lehudib's Crystal Sp  Conj/Erth      ######....   91%         8    ######.
g - Fireball              Conj/Fire      #######...   1%          5    None
h - Cause Fear            Hex            ####......   12%         4    None
i - Poison Arrow          Conj/Pois      ######....   4%          6    ###....
j - Delayed Fireball      Conj/Fire      N/A          1%          7    #####..
k - Bolt of Fire          Conj/Fire      #######...   1%          6    ###....
l - Apportation           Tloc           ###.......   1%          1    None
m - Fire Storm            Conj/Fire      #######...   87%         9    #######


Dungeon Overview and Level Annotations

Branches:
Dungeon (14/15)            Temple (0/1) D:5            Lair (8/8) D:10
  Swamp (4/4) Lair:6        Snake (4/4) Lair:3        Slime (0/6) Lair:8
    Orc (2/2) D:12            Elf (3/3) Orc:2        Vaults (0/5) D:13

Altars:
Ashenzari
Cheibriados
Elyvilon
Hepliaklqana
Makhleb
Ru
Sif Muna
Trog
Ukayaw
Vehumet
Xom
Jiyva

Shops:
D:4 *   D:9 =   Orc:1 ?   Orc:2 ([:   Elf:3 [   Snake:3 !

Annotations:
Snake:4 exclusion: mana viper
Elf:2 5 runed doors
Elf:3 exclusion: dancing weapon


Innate Abilities, Weirdness & Mutations

You are dopey. (Int -2)


Message History

The splash of poison hits you! You resist.
You are too injured to fight recklessly!
The naga ritualist spits poison at you. The splash of poison hits you!
You resist.
Casting: Bolt of Fire
Confirm with . or Enter, or press ? or * to list all spells.
Aiming: Sticky Flame
Press: ? - help, Shift-Dir - straight line, f/p - naga ritualist
Aim: a naga ritualist, wielding a dagger of venom and wearing a robe (severely wounded, catching its breath)
You feel a surge of power!
The sticky flame hits the naga ritualist.
The naga ritualist is almost dead.
The naga ritualist is covered in liquid flames!
The naga ritualist burns!
The naga ritualist points at you and mumbles some strange words.
The lance of force hits you!
* * * LOW HITPOINT WARNING * * *
You are knocked back by the lance of force.
You slam into the rock wall!
You die...

### ##.# .## ###.(##
...###.....## ###
...)<(......#### #.#
[..(...........# ##.#
.......###.....# #.##
########(#†##..###.#
........(.(.#...@..#
#..#'###'##)#......##
...#....).'.##....N.#
'..#......#..#.....##
#..#.....##.##....##
...#.....##..#....#
#..#......#.##....#
#..#......#.#....##
#.##......#.#....#


You could see a naga ritualist (burning).

Vanquished Creatures
  Rupert (Lair:6)
  2 deep elf blademasters (Elf:3)
  2 deep elf master archers (Elf:3)
  Kirke (Lair:7)
  4 greater nagas
  5 thorn hunters
  The ghost of ololoev the Fencer, an adept HaAs of Hepliaklqana (Swamp:3)
  4 deep elf sorcerers (Elf:3)
  A frost giant (IceCv)
  Aizul (Lair:3)
  Maud (Lair:5)
  2 deep elf elementalists (Elf:3)
  8 deep elf annihilators (Elf:3)
  3 deep elf demonologists (Elf:3)
  Azrael (D:14)
  Snorg (Lair:4)
  2 fire dragons (Swamp:4)
  14 deep elf death magi
  The ghost of Lugonue the Carver, a journeyman CeGl of Okawaru (Orc:2)
  A great orb of eyes (Lair:8)
  17 hydras
  7 naga warriors
  5 deep elf high priests
  2 ghost crabs
  3 centaur warriors (D:13)
  4 anacondas
  4 alligators
  2 tengu warriors (D:13)
  11 death yaks
  3 large abominations (Elf:1)
  14 dancing weapons
  4 naga sharpshooters
  7 shock serpents
  14 deep elf knights
  4 orc high priests
  2 salamander mystics
  Nergalle (Orc:1)
  2 fire crabs (Swamp:4)
  2 unseen horrors
  11 swamp dragons
  4 naga ritualists
  6 hill giants
  9 deep elf archers
  6 necromancers
  6 orc knights
  An ugly thing (D:11)
  4 orc sorcerers (Orc:2)
  2 hornets (Swamp:1)
  6 mana vipers
  40 deep elf magi
  14 salamanders
  27 black mambas
  2 guardian serpents
  2 ice statues
  6 elephants (Lair:5)
  Psyche (D:12)
  11 naga magi
  2 centaur zombies
  2 torpor snails
  22 spiny frogs
  A gargoyle (D:14)
  3 rime drakes
  7 komodo dragons
  A tengu conjurer (D:13)
  7 spriggan druids
  A two-headed ogre (shapeshifter) (Elf:3)
  3 giant leeches
  18 polar bears
  3 trolls
  9 slime creatures
  2 two-headed ogres
  20 blink frogs
  A boulder beetle (Lair:5)
  7 bog bodies
  3 air elementals
  17 spriggans
  A spriggan (shapeshifter) (Elf:3)
  3 water elementals
  3 shadows
  5 redbacks (Lair:8)
  A fire bat (Swamp:4)
  2 hogs (Lair:7)
  2 vampires
  A wraith (D:11)
  2 basilisks
  104 yaks
  A hungry ghost (D:14)
  12 hippogriffs
  33 vampire mosquitoes
  9 fire elementals
  A steam dragon (Swamp:4)
  2 wargs (Orc:2)
  25 nagas
  10 insubstantial wisps
  4 mottled dragons
  2 soldier ants
  3 hell hounds (D:14)
  36 swamp worms
  10 porcupines
  32 water moccasins
  32 orc warriors
  5 black bears
  12 ice beasts
  5 sky beasts
  8 wasps
  17 swamp drakes
  3 phantoms
  8 centaurs
  49 wolves
  11 ogres
  14 crocodiles
  4 big kobolds
  A giant frog (shapeshifter) (D:13)
  An elf zombie (Elf:1)
  20 giant frogs
  4 earth elementals
  A scorpion (D:13)
  A wyvern skeleton (D:11)
  6 killer bees (D:7)
  12 wights
  7 howler monkeys
  3 electric eels
  8 crimson imps
  3 giant frog zombies
  15 orc priests
  9 hounds
  6 jellies
  5 centaur skeletons
  26 orc wizards
  Jessica (D:2)
  2 giant frog skeletons
  8 iguanas
  7 worker ants
  2 killer bee zombies
  2 hound zombies
  A hound skeleton (D:5)
  A mummy (D:12)
  A worker ant zombie (D:10)
  7 gnolls
  27 adders
  32 river rats
  4 shadow imps
  An ooze (D:2)
  An adder zombie (D:8)
  An adder skeleton (D:8)
  10 worms
  2 dart slugs (D:4)
  3 giant geckos
  69 orcs
  6 ball pythons
  7 giant cockroaches
  9 goblins
  7 hobgoblins
  12 jackals
  19 kobolds
  12 quokkas
  7 bats
  A giant gecko zombie (D:7)
  2 giant newts
  A jackal skeleton (D:4)
  8 rats
  A fungus (Lair:8)
  A plant (Lair:6)
1326 creatures vanquished.

Vanquished Creatures (others)
  A deep elf elementalist (Elf:3)
  A swamp dragon (Swamp:4)
  A polar bear (IceCv)
  A slime creature (Swamp:3)
  2 yaks (IceCv)
  3 fire bats (Swamp:4)
  A human (Lair:7)
  2 steam dragons (Swamp:4)
  A swamp worm (Swamp:3)
  3 swamp drakes (Swamp:4)
  2 wolves (IceCv)
  13 fungi
  10 plants
41 creatures vanquished.

Grand Total: 1367 creatures vanquished

Notes
Turn   | Place    | Note
--------------------------------------------------------------
     0 | D:1      | Lugonue the High Elf Fire Elementalist began the quest for the Orb.
     0 | D:1      | Reached XP level 1. HP: 11/11 MP: 4/4
   152 | D:1      | Reached XP level 2. HP: 10/17 MP: 0/6
   239 | D:1      | Learned a level 2 spell: Throw Flame
   892 | D:1      | Reached XP level 3. HP: 7/21 MP: 1/7
  1295 | D:2      | Noticed Jessica
  1468 | D:2      | Reached XP level 4. HP: 27/27 MP: 5/9
  1509 | D:2      | Killed Jessica
  1518 | D:2      | Learned a level 4 spell: Sticky Flame
  1668 | D:3      | Reached skill level 1 in Fighting
  1715 | D:3      | Found a radiant altar of Vehumet.
  1723 | D:3      | Became a worshipper of Vehumet
  1823 | D:3      | Found a shattered altar of Ashenzari.
  2044 | D:3      | Reached XP level 5. HP: 33/33 MP: 5/10
  2053 | D:3      | Reached skill level 3 in Spellcasting
  2660 | D:4      | Learned a level 3 spell: Conjure Flame
  2686 | D:4      | Noticed an ogre
  2694 | D:4      | Found a hide-covered altar to Ukayaw.
  2696 | D:4      | Killed an ogre
  2696 | D:4      | Reached XP level 6. HP: 38/38 MP: 0/11
  2783 | D:4      | Reached skill level 5 in Dodging
  2807 | D:4      | Reached * piety under Vehumet
  2807 | D:4      | Offered knowledge of Freeze by Vehumet.
  2816 | D:4      | Learned a level 1 spell: Freeze
  2869 | D:4      | Reached XP level 7. HP: 17/45 MP: 7/13
  2906 | D:4      | Gained mutation: You have a pair of small horns on your head. [potion of beneficial mutation]
  3221 | D:4      | Found Dugixt's General Store.
  3655 | D:5      | Entered Level 5 of the Dungeon
  4166 | D:5      | Found a burning altar of Makhleb.
  4202 | D:5      | Found a staircase to the Ecumenical Temple.
  4294 | D:5      | Got a faintly glowing leather armour
  4310 | D:5      | Identified the +3 leather armour "Wywel" {Regen+ Dex+6} (You found it on level 5 of the Dungeon)
  4728 | D:6      | Reached skill level 4 in Spellcasting
  4901 | D:6      | Found a snail-covered altar of Cheibriados.
  4901 | D:6      | Found a deep blue altar of Sif Muna.
  4998 | D:6      | Reached skill level 1 in Ice Magic
  4998 | D:6      | Reached XP level 8. HP: 42/52 MP: 15/15
  5076 | D:6      | Reached ** piety under Vehumet
  5076 | D:6      | Offered knowledge of Sandblast by Vehumet.
  5268 | D:7      | Reached skill level 1 in Armour
  5498 | D:7      | Reached skill level 5 in Fire Magic
  5621 | D:7      | Found a shimmering altar of Xom.
  5650 | D:7      | Reached skill level 5 in Spellcasting
  5746 | D:7      | Reached skill level 5 in Conjurations
  6133 | D:7      | Learned a level 3 spell: Inner Flame
  6303 | D:7      | Reached skill level 1 in Long Blades
  6303 | D:7      | Reached XP level 9. HP: 52/59 MP: 17/17
  6312 | D:7      | Offered knowledge of Static Discharge by Vehumet.
  6522 | D:7      | Reached *** piety under Vehumet
  6718 | D:8      | Reached skill level 5 in Fighting
  7221 | D:8      | Learned a level 5 spell: Fireball
  7232 | D:8      | Offered knowledge of Stone Arrow by Vehumet.
  7479 | D:8      | Reached skill level 6 in Spellcasting
  7651 | D:9      | Found a hazy altar of Hepliaklqana.
  7656 | D:9      | Found a sacrificial altar of Ru.
  7827 | D:9      | Found a snail-covered altar of Cheibriados.
  8241 | D:9      | Reached XP level 10. HP: 61/68 MP: 18/20
  8260 | D:9      | Reached **** piety under Vehumet
  8298 | D:9      | Found Zofomoing's Jewellery Emporium.
  8306 | D:9      | Bought the amulet "Zaacvaer" {RegenMP rC+} for 528 gold pieces
  8410 | D:10     | Entered Level 10 of the Dungeon
  8410 | D:10     | Noticed a hill giant
  8467 | D:10     | Found a staircase to the Lair.
  8479 | D:10     | Offered knowledge of Mephitic Cloud by Vehumet.
  8479 | D:10     | Reached skill level 1 in Shields
  8491 | D:10     | Reached skill level 5 in Stealth
  8513 | D:10     | Found a white marble altar of Elyvilon.
  8683 | D:10     | Noticed a hill giant
  8758 | D:10     | Found a flagged portal.
  8776 | Bailey   | Entered a bailey
  8776 | Bailey   | Noticed an orc knight
  8776 | Bailey   | Noticed an orc knight
  8776 | Bailey   | Noticed an orc knight
  8783 | Bailey   | Noticed an orc knight
  8802 | Bailey   | Noticed an orc knight
  9006 | D:10     | Killed a hill giant
  9006 | D:10     | Reached skill level 5 in Long Blades
  9044 | D:10     | Killed a hill giant
  9144 | D:10     | Reached skill level 7 in Spellcasting
  9180 | D:10     | Reached ***** piety under Vehumet
  9180 | D:10     | Offered knowledge of Lee's Rapid Deconstruction by Vehumet.
  9490 | D:11     | Noticed a brown ugly thing
  9500 | D:11     | Killed a brown ugly thing
  9993 | Lair:1   | Entered Level 1 of the Lair of Beasts
 10003 | Lair:1   | Reached XP level 11. HP: 74/74 MP: 21/23
 10181 | Lair:1   | Got a brightly glowing scimitar
 10215 | Lair:1   | Identified the +9 scimitar of the Blessed Realm {pain, Dex+3} (You found it on level 1 of the Lair of Beasts)
 10910 | Lair:2   | Reached skill level 8 in Spellcasting
 10983 | Lair:2   | Noticed an eight-headed hydra
 10996 | Lair:2   | Killed an eight-headed hydra
 11396 | Lair:2   | Reached XP level 12. HP: 61/81 MP: 19/25
 11463 | Lair:2   | Offered knowledge of Spellforged Servitor by Vehumet.
 11472 | Lair:2   | Learned a level 7 spell: Spellforged Servitor
 11801 | Lair:3   | Found a frozen archway.
 11847 | IceCv    | Entered an ice cave
 11854 | IceCv    | Reached skill level 9 in Spellcasting
 12455 | IceCv    | Noticed a death yak
 12483 | IceCv    | Killed a death yak
 12495 | IceCv    | Noticed a death yak
 12500 | IceCv    | Killed a death yak
 12500 | IceCv    | Reached skill level 10 in Spellcasting
 12664 | IceCv    | Noticed a frost giant
 12676 | IceCv    | Killed a frost giant
 12817 | Lair:3   | Learned a level 5 spell: Bolt of Magma
 13069 | Lair:3   | Reached XP level 13. HP: 88/88 MP: 28/28
 13191 | Lair:4   | Reached skill level 10 in Long Blades
 13314 | Lair:4   | Noticed Snorg
 13320 | Lair:4   | Killed Snorg
 13396 | Lair:4   | Reached skill level 10 in Conjurations
 13652 | Lair:5   | Noticed Maud
 13671 | Lair:5   | Killed Maud
 13840 | Lair:5   | Found a bloodstained altar of Trog.
 13964 | Lair:5   | Got a pair of polished gloves
 13975 | Lair:5   | Identified the cursed -3 pair of gloves "Reriog" {MR+ Regen+ rCorr} (You found it on level 5 of the Lair of Beasts)
 14201 | Lair:5   | Offered knowledge of Poison Arrow by Vehumet.
 14363 | Lair:5   | Reached skill level 10 in Fire Magic
 14596 | Lair:6   | Reached skill level 11 in Spellcasting
 14656 | Lair:6   | Learned a level 6 spell: Poison Arrow
 14991 | Lair:6   | Found a staircase to the Swamp.
 15013 | Swamp:1  | Entered Level 1 of the Swamp
 15087 | Lair:6   | Noticed Rupert
 15102 | Lair:6   | Killed Rupert
 15398 | Lair:7   | Reached XP level 14. HP: 79/95 MP: 14/30
 15463 | Lair:7   | Noticed Kirke
 15486 | Lair:7   | Killed Kirke
 15572 | Lair:7   | Reached ****** piety under Vehumet
 15572 | Lair:7   | Offered knowledge of Iskenderun's Battlesphere by Vehumet.
 16263 | Lair:8   | Entered Level 8 of the Lair of Beasts
 16291 | Lair:8   | Found a viscous altar of Jiyva.
 16292 | Lair:8   | Found a staircase to the Slime Pits.
 16683 | Lair:8   | Reached skill level 10 in Dodging
 16913 | Lair:8   | Reached skill level 5 in Shields
 17081 | Lair:8   | Offered knowledge of Delayed Fireball by Vehumet.
 17090 | Lair:8   | Learned a level 7 spell: Delayed Fireball
 17247 | Lair:8   | Reached skill level 12 in Spellcasting
 18098 | Lair:2   | Reached XP level 15. HP: 91/100 MP: 32/32
 18978 | D:12     | Found a shattered altar of Ashenzari.
 19214 | D:12     | Found a staircase to the Orcish Mines.
 19223 | D:12     | Offered knowledge of Bolt of Fire by Vehumet.
 19231 | D:12     | Learned a level 6 spell: Bolt of Fire
 19235 | D:12     | Noticed Psyche
 19240 | D:12     | Killed Psyche
 19708 | D:12     | Found a sacrificial altar of Ru.
 19853 | D:13     | Lost mutation: You have a pair of small horns on your head. [potion of cure mutation]
 19912 | D:13     | Found a gate to the Vaults.
 19966 | D:13     | Reached skill level 1 in Hexes
 20600 | D:14     | Offered knowledge of Poisonous Cloud by Vehumet.
 20606 | D:14     | Noticed Azrael
 20641 | D:14     | Killed Azrael
 21624 | Swamp:2  | Reached skill level 13 in Spellcasting
 21880 | Swamp:3  | Learned a level 1 spell: Apportation
 21880 | Swamp:3  | Noticed a thorn hunter
 21886 | Swamp:3  | Killed a thorn hunter
 22172 | Swamp:4  | Entered Level 4 of the Swamp
 22178 | Swamp:4  | Reached XP level 16. HP: 94/108 MP: 23/34
 22604 | Swamp:3  | Noticed ololoev's ghost (adept HaAs)
 22655 | Swamp:3  | Offered knowledge of Lehudib's Crystal Spear by Vehumet.
 22655 | Swamp:3  | Offered knowledge of Fire Storm by Vehumet.
 22655 | Swamp:3  | Offered knowledge of Tornado by Vehumet.
 22678 | Swamp:3  | Killed ololoev's ghost
 22685 | Swamp:3  | Reached skill level 10 in Fighting
 22908 | Swamp:3  | Got a slimy robe
 22922 | Swamp:3  | Identified the +2 robe "Reju" {rElec} (You found it on level 3 of the Swamp)
 23166 | Swamp:4  | Noticed a thorn hunter
 23173 | Swamp:4  | Killed a thorn hunter
 23773 | D:4      | Bought a scroll of amnesia for 49 gold pieces
 23985 | Orc:1    | Entered Level 1 of the Orcish Mines
 24210 | Orc:1    | Found Gim Miwi's Magic Scroll Shoppe.
 24222 | Orc:1    | Bought a scroll of teleportation for 36 gold pieces
 24235 | Orc:1    | Noticed Nergalle
 24266 | Orc:1    | Killed Nergalle
 24476 | Orc:2    | Entered Level 2 of the Orcish Mines
 24508 | Orc:2    | Found a staircase to the Elven Halls.
 24835 | Orc:2    | Noticed Lugonue's ghost (journeyman CeGl)
 24910 | Orc:2    | Killed Lugonue's ghost
 24910 | Orc:2    | Reached skill level 14 in Spellcasting
 25458 | Orc:2    | Found Bujasieg's Book Shoppe.
 25461 | Orc:2    | Found Isux's Armour Shop.
 25472 | Orc:2    | Found Rimaeth's General Store.
 25518 | Orc:2    | Found Duoclac's Weapon Shoppe.
 26261 | Lair:3   | Found a staircase to the Snake Pit.
 26395 | Snake:1  | Entered Level 1 of the Snake Pit
 26395 | Snake:1  | Noticed Aizul
 26416 | Lair:3   | Killed Aizul
 27329 | Snake:3  | Reached XP level 17. HP: 97/116 MP: 36/36
 27339 | Snake:3  | Learned a level 8 spell: Lehudib's Crystal Spear
 27371 | Snake:3  | Found Files's Distillery.
 27382 | Snake:3  | Bought a potion of heal wounds for 80 gold pieces
 27382 | Snake:3  | Bought a potion of resistance for 160 gold pieces
 27516 | Snake:4  | Entered Level 4 of the Snake Pit
 28007 | Snake:3  | Reached skill level 15 in Spellcasting
 28950 | Elf:1    | Entered Level 1 of the Elven Halls
 29060 | Elf:1    | Learned a level 4 spell: Cause Fear
 29209 | Elf:1    | Identified the Papyrus of Stolen Souls
 29798 | Elf:2    | Got a polished long sword
 29811 | Elf:2    | Identified the +7 long sword "Ublacragh" {slice, rC+ rN+ MP+9} (You found it on level 2 of the Elven Halls)
 29898 | Elf:2    | Reached skill level 16 in Spellcasting
 30127 | Elf:1    | HP: 5/117 [scimitar of freezing (1)]
 30272 | Elf:2    | Found a portal to a secret trove of treasure.
 30447 | Elf:2    | Found a huge runed gate.
 30447 | Elf:2    | Found a huge runed gate.
 30447 | Elf:2    | Found a huge runed gate.
 30448 | Elf:2    | Found a huge runed gate.
 30456 | Elf:2    | Found a huge runed gate.
 30536 | Elf:3    | Entered Level 3 of the Elven Halls
 30770 | Elf:3    | Reached XP level 18. HP: 124/124 MP: 31/39
 31150 | Elf:3    | Found Ziorevic's Armour Boutique.
 31585 | Elf:3    | Reached skill level 17 in Spellcasting
 32658 | Elf:3    | Got a scorched golden ring
 32745 | Elf:3    | Got a pair of faintly humming gloves
 32767 | Elf:3    | Identified the +2 pair of gloves of the Gravedigger {-Tele *Contam rPois Int+8} (You found it on level 3 of the Elven Halls)
 32784 | Elf:3    | Gained mutation: You are dopey. (Int -2) [mutagenic glow]
 32800 | Elf:3    | Identified the Handbook of Curses (You found it on level 3 of the Elven Halls)
 32876 | Elf:3    | Identified the ring "Qaagecap" {Fire rElec Slay+3} (You took it off a deep elf sorcerer on level 3 of the Elven Halls)
 33011 | Elf:3    | Noticed a Hell Sentinel
 33044 | Elf:3    | Upgraded the game from 0.19-a0-262-g5df7875 to 0.19-a0-277-g85cb9a5
 33060 | Elf:3    | Learned a level 9 spell: Fire Storm
 35173 | Swamp:3  | Reached skill level 18 in Spellcasting
 35715 | Swamp:4  | Reached skill level 5 in Armour
 35787 | Swamp:4  | Got a decaying rune of Zot
 35964 | Swamp:4  | Reached XP level 19. HP: 90/129 MP: 30/42
 36942 | Snake:4  | HP: 5/129 [naga ritualist/lance of force (23)]
 36942 | Snake:4  | Collided with a rock wall

Vault maps used:
D:1:      dpeg_arrival_rooms_c, dk_noncrumbling_3, minmay_misc_feat_roman,
          minmay_cut_off
D:2:      minmay_misc_feat_five, kennysheep_jessica_study
D:3:      wad_river_or_something, ashenzari_conservatory_becter,
          vehumet_crystals, first_bread
D:4:      old_standard_altar, serial_shops, shop, grunt_ministairs_14,
          serial_bayou_pond_a
D:5:      kennysheep_little_box, lemuel_temple_firewalk_marked,
          kennysheep_pointless_box
D:6:      gammafunk_temple_overflow_wave, minmay_misc_feat_more_columns
D:7:      xom_teletrap_fun
D:8:      the_bakery, minivault_22, glass_columns_c, minmay_statues_item,
          minmay_misc_feat_tower, kennysheep_windowed_goal
D:9:      grunt_temple_overflow_open, serial_shops, shop_statue,
          cheibrodos_worm_habitat
D:10:     lair_0_dummy, enter_bailey_2, elyvilon_altar_5
D:11:     kennysheep_blocky_hall
D:12:     david_orc_3, basic_altar, serial_undead, serial_undead_e,
          serial_undead_d, serial_undead_d, serial_undead_a,
          nicolae_ru_the_path_less_chosen, uniq_psyche
D:13:     david_vaults_1, worms_lemuel
D:14:     lemuel_ice_statue, minmay_holes, uniq_roxanne, uniq_azrael
Lair:1:   grunt_megastairs_3, serial_bayou_shore_b, serial_bayou_shore_b
Lair:2:   nicolae_quartered_pool_medium, lemuel_fruit_tree
Lair:3:   minmay_snake_entry_guardpost_small, portal_ice_cave_entry_ice_beasts,
          grunt_megastairs_1, serial_bayou_shore_a
Lair:4:   grunt_megastairs_5, infiniplex_staircase_pool_2, uniq_snorg
Lair:5:   lemuel_reptile_caves, serial_forest, infiniplex_forest_end_3,
          infiniplex_forest_clump_diagonal, infiniplex_forest_straight_3,
          infiniplex_forest_straight_2, infiniplex_forest_fountain,
          infiniplex_forest_lined_2, basic_altar, lemuel_fruit_fields, uniq_maud
Lair:6:   swamp_mist_pool, serial_bayou_crossing, uniq_rupert
Lair:7:   infiniplex_staircase_pool, lemuel_fruit_fields, uniq_kirke
Lair:8:   minmay_lair_end_enchanted_forest, dpeg_slime_entry_enclosed_altar,
          minivault_24
Swamp:1:  nicolae_swamp_little_tower, swamp_pool2
Swamp:2:  evilmike_swamp_ruin_house_6
Swamp:3:  evilmike_swamp_ruin_house_5
Swamp:4:  swamp_fiery
Snake:1:  serial_shops, bzr_in_the_mist, uniq_aizul
Snake:2:  st_stairs_10, spider_trap, uniq_agnes
Snake:3:  serial_shops, nicolae_shop_trees
Snake:4:  snake_pit
Orc:1:    serial_shops, shop, uniq_nergalle
Orc:2:    st_orc_elflike
Elf:1:    elf_arrival_001, minmay_elf_necromancy
Elf:2:    enter_trove_2, uniq_wiglaf, uniq_jorgrun
Elf:3:    elf_hall, serial_shops, shop_fountains
Bailey:   bailey_polearm_4, bailey
IceCv:    ice_cave_caverns_02

Skill      XL: |  1  2  3  4  5  6  7  8  9 10 11 12 13 14 15 16 17 18 19 |
---------------+----------------------------------------------------------+-----
Fire Magic     | 4 5 6 8 9 10 11 12 13 | 13.8
Dodging        | 3 4 5 6 7 8 9 10 11 13 14 | 14.6
Conjurations   | 2 3 4 5 6 7 9 10 11 12 13 14 | 14.7
Fighting       | 1 2 3 4 5 6 7 8 9 10 11 | 11.6
Spellcasting   | 3 4 5 6 7 8 10 11 12 13 14 16 18 | 18.1
Stealth        | 3 4 5 6 7 8 |  8.0
Ice Magic      | 1 2 |  2.7
Armour         | 1 2 3 4 6 7 |  7.7
Long Blades    | 1 3 5 7 9 11 13 14 | 14.2
Shields        | 2 3 4 5 |  5.2
Hexes          | 1 |  1.4
Translocations | |  0.4
Earth Magic    | |  0.8
Poison Magic   | |  0.5
Evocations     | |  0.2

Action                   |  1- 3 |  4- 6 |  7- 9 | 10-12 | 13-15 | 16-18 | 19-21 || total
-------------------------+-------+-------+-------+-------+-------+-------+-------++-------
Melee: Unarmed           |     6 |       |       |       |       |       |       ||     6
       Dagger            |    17 |   117 |   198 |   127 |       |       |       ||   459
       Headbutt          |       |       |    41 |   100 |   183 |       |       ||   324
       Scimitar          |       |       |       |   219 |   937 |   695 |    10 ||  1861
       Staff             |       |       |       |       |    13 |    37 |     5 ||    55
       Long sword        |       |       |       |       |       |   348 |     4 ||   352
Throw: Throwing net      |       |     2 |       |       |       |       |       ||     2
 Cast: Flame Tongue      |    42 |     7 |    94 |   116 |    63 |    76 |     4 ||   402
       Throw Flame       |     8 |     9 |    27 |    23 |    13 |    25 |     4 ||   109
       Sticky Flame      |       |     6 |    30 |    91 |   202 |   194 |    15 ||   538
       Freeze            |       |       |    15 |     3 |    50 |    36 |       ||   104
       Conjure Flame     |       |       |     8 |    40 |    54 |    57 |    18 ||   177
       Inner Flame       |       |       |     3 |     1 |     8 |       |       ||    12
       Fireball          |       |       |       |     8 |    38 |    51 |     2 ||    99
       Bolt of Magma     |       |       |       |       |    41 |    11 |       ||    52
       Poison Arrow      |       |       |       |       |     7 |    97 |     5 ||   109
       Delayed Fireball  |       |       |       |       |     3 |     2 |       ||     5
       Bolt of Fire      |       |       |       |       |     9 |    53 |    12 ||    74
       Apportation       |       |       |       |       |       |     3 |     2 ||     5
       Cause Fear        |       |       |       |       |       |     5 |       ||     5
 Abil: Release Delayed F |       |       |       |       |     2 |     2 |       ||     4
Evoke: Phantom mirror    |       |       |       |       |     1 |       |       ||     1
       Wand              |       |       |       |       |     4 |    13 |     2 ||    19
       Lamp of fire      |       |       |       |       |       |     2 |       ||     2
  Use: Scroll            |     3 |     3 |    12 |     8 |    27 |    20 |       ||    73
       Potion            |     1 |       |     3 |     1 |     2 |    17 |     1 ||    25
 Stab: Sleeping          |     1 |     4 |    16 |    12 |    25 |    18 |       ||    76
       Held in net/web   |       |     1 |       |       |       |       |       ||     1
       Distracted        |       |       |     1 |     1 |     2 |     4 |       ||     8
  Eat: Chunk             |     6 |     3 |     8 |    15 |    26 |     8 |       ||    66
       Bread ration      |     1 |       |       |       |       |     9 |     1 ||    11
       Royal jelly       |       |       |     2 |       |       |       |       ||     2
       Meat ration       |       |       |     1 |       |       |     1 |       ||     2
       Pizza             |       |       |     2 |     2 |     2 |       |       ||     6
       Fruit             |       |       |       |     2 |    15 |    18 |       ||    35
       Beef jerky        |       |       |       |       |     4 |     1 |       ||     5
Armor: Robe              |    12 |    26 |     9 |       |       |       |       ||    47
       Leather armour    |       |       |    60 |    87 |   204 |   222 |       ||   573
       Swamp dragon armo |       |       |       |       |       |    11 |    10 ||    21
Dodge: Dodged            |    30 |    90 |   222 |   335 |   877 |  1050 |    35 ||  2639
Block: Buckler           |       |       |    12 |    87 |   353 |   314 |    14 ||   780
